 Dungeon Sprint DCSS version 0.30-a0-989-g0d87f670db (webtiles) character file.

Game seed: 4540028113636658644

19281 NinjaNoafa the Thaumaturge (level 12, -9/101 HPs)
             Began as a Yellow Draconian Conjurer on Apr 3, 2023.
             Was the Champion of Vehumet.
             Mangled by a rockslime (27 damage)
             ... in the Dungeon (Sprint V: "Ziggurat Sprint").
             The game lasted 00:09:00 (1035 turns).

NinjaNoafa the Thaumaturge (DrCj)                   Turns: 1035, Time: 00:09:00

Health: -9/101     AC: 10    Str: 15    XL:     12   Next: 35%
Magic:  22/30      EV: 16    Int: 28    God:    Vehumet [******]
Gold:   0          SH: 16    Dex: 16    Spells: 29/40 levels left

rFire   . . .      SeeInvis .    D - staff of conjuration
rCold   + + +      Faith    .    A - +3 kite shield
rNeg    + . .      Spirit   .    (body armour unavailable)
rPois   .          Reflect  .    (helmet restricted)
rElec   .          Rampage  .    o - +1 cloak {Stlth+}
rCorr   +          NoTele   +    (no gloves)
Will    +....                    (no boots)
Stlth   +++                      C - amulet "Judua" {Drain Fly rC+++ Regen+ rCorr}
HPRegen 1.16/turn                E - ring of Finality {rN+ Str+6 Int+4}
MPRegen 0.22/turn                l - ring "Moowno" {Will+ rCorr Dex+6}

@: engulfed (cannot breathe), flying, studying 2 skills
A: spit acid, AC +8, unfitting armour, cold-blooded, acid resistance
a: Breathe Acid, Renounce Religion


You were in the Dungeon.
You worshipped Vehumet.
Vehumet was exalted by your worship.
You visited 1 branch

Inventory:

Hand Weapons
 n - the +7 scimitar of Linearity {freeze, MP+9 Int+2 Dex+4}
   (You found it in the Dungeon)

   Int:       It affects your intelligence (+2).
   Dex:       It affects your dexterity (+4).
   MP:        It affects your magic capacity (+9).
Armour
 o - a +1 cloak of stealth (worn)
 A - a +3 kite shield (worn)
Magical Staves
 k - a staff of fire
 x - a staff of earth
 D - a staff of conjuration (weapon)
Jewellery
 l - the ring "Moowno" (right hand) {Will+ rCorr Dex+6}
   (You found it in the Dungeon)

   [ring of dexterity]

   Dex:       It affects your dexterity (+6).
   rCorr:     It protects you from acid and corrosion.
   Will:      It increases your willpower.
 C - the amulet "Judua" (around neck) {Drain Fly rC+++ Regen+ rCorr}
   (You found it in the Dungeon)

   [amulet of regeneration]

   rC:        It renders you almost immune to cold.
   Fly:       It grants you flight.
   Regen:     It increases your rate of health regeneration.
   rCorr:     It protects you from acid and corrosion.
   Drain:     It drains your maximum health when unequipped.
 E - the ring of Finality (left hand) {rN+ Str+6 Int+4}
   (You found it in the Dungeon)

   [ring of strength]

   Str:       It affects your strength (+6).
   Int:       It affects your intelligence (+4).
   rN:        It protects you from negative energy.
Wands
 g - a wand of mindburst (6)
 h - a wand of iceblast (5)
 i - a wand of quicksilver (2)
Scrolls
 f - 4 scrolls of blinking
 q - 4 scrolls of amnesia
 r - 7 scrolls of fog
 s - 5 scrolls of identify
 t - 2 scrolls of fear
 F - a scroll of brand weapon
Potions
 a - 7 potions of magic
 b - 8 potions of curing
 c - 9 potions of heal wounds
 d - 10 potions of haste
 e - 3 potions of berserk rage
 u - 2 potions of brilliance
 v - 2 potions of invisibility
 w - 4 potions of resistance
 z - 7 potions of might
Miscellaneous
 j - a box of beasts
 m - a phial of floods
 p - a condenser vane (inert)
 y - a lightning rod (3/4)
 B - a phantom mirror


   Skills:
 - Level 8.0 Fighting
 - Level 10.0 Dodging
 - Level 1.7 Stealth
 - Level 14.0 Shields
 + Level 14.8 Spellcasting
 - Level 7.0 Conjurations
 - Level 4.0 Hexes
 - Level 7.0 Translocations
 + Level 12.3 Earth Magic
 - Level 12.0 Evocations


You had 29 spell levels left.
You knew the following spells:

 Your Spells              Type           Power      Damage    Failure   Level
a - Magic Dart            Conj           100%       1d8       1%          1
b - Searing Ray           Conj           100%       2d8       1%          2
c - Iskenderun's Mystic   Conj/Tloc      74%        2d15      1%          4
d - Fulminant Prism       Conj/Hex       33%        3d16      1%          4

Your spell library contained the following spells:

 Spells                   Type           Power      Damage    Failure   Level
 Arcjolt                  Conj/Air       28%        1d38      9%          5
 Sandblast                Erth           100%       2d20      1%          1
 Dazzling Flash           Conj/Hex       100%       N/A       1%          3
 Kindle Blastsparks       Fire/Tloc/Air  66%        2d15      1%          3
 Portal Projectile        Hex/Tloc       100%       N/A       1%          3
 Summon Small Mammal      Summ           80%        N/A       4%          1
 Cigotuvi's Dreadful Rot  Necr/Pois/Air  40%        N/A       7%          2
 Irradiate                Conj/Tmut      28%        3d21      9%          5
 Olgreb's Toxic Radiance  Pois           20%        N/A       12%         4
 Spider Form              Tmut/Pois      20%        N/A       14%         3
 Ice Form                 Ice/Tmut       20%        N/A       41%         4
 Summon Ice Beast         Ice/Summ       20%        N/A       41%         4
 Blade Hands              Tmut           10%        N/A       77%         5
 Shatter                  Erth           37%        3d29*     99%         9
 Dragon Form              Tmut           10%        N/A       100%        7
 Ozocubu's Refrigeration  Ice            10%        4d9       100%        7
 Summon Hydra             Summ           10%        N/A       100%        7
 Ignition                 Fire           10%        3d5       100%        8
 Necromutation            Tmut/Necr      10%        N/A       100%        8
 Summon Horrible Things   Summ           10%        N/A       100%        8


Dungeon Overview and Level Annotations

Branches:
Dungeon (1/1)

Altars:
Ashenzari
Cheibriados
Dithmenos
Elyvilon
Fedhas
Gozag
Hepliaklqana
Kikubaaqudgha
Makhleb
Nemelex Xobeh
Okawaru
Qazlal
Ru
Sif Muna
Trog
Uskayaw
Vehumet
Wu Jian
Xom
Yredelemnul
Zin
The Shining One
Jiyva
Lugonu

Annotations:
D 1 transporter


Innate Abilities, Weirdness & Mutations

You can spit globs of acid.
Your golden yellow scales are hard. (AC +8)
You cannot fit into any form of body armour.
You are cold-blooded and may be slowed by cold attacks.
You are resistant to acid. (rCorr)


Message History

The thunderbolt hits the rockslime.
The rockslime resists.
The rockslime is severely wounded.
The ooze engulfing you falls away.
You gasp with relief as air once again reaches your lungs.
The large slime creature is engulfed in acidic fog.
The large slime creature seems to be corroded for longer.
The rockslime hits you.
You are shoved backwards!
The rockslime is engulfed in acidic fog.
Unknown command.
Unknown command.
You are too injured to fight recklessly!
Casting: Iskenderun's Mystic Blast (mildly dangerous; 1% risk of failure)
Confirm with . or Enter, or press ? or * to list all spells.
You feel a surge of power!
You erupt in a blast of force!
The mystic blast hits the large slime creature!!
You kill the large slime creature!
Vehumet accepts your kill.
You feel your power returning.
The mystic blast hits the rockslime!
The rockslime is severely wounded.
The mystic blast hits the rockslime!
The rockslime is almost dead.
The rockslime is knocked back by the mystic blast.
Your lightning rod (3/4) has regained one charge.
The quicksilver ooze closely misses you.
You block the quicksilver ooze's attack.
The rockslime is engulfed in acidic fog.
The rockslime hits you!!
* * * LOW HITPOINT WARNING * * *
You are shoved backwards!
Unknown command.
You feel much better. The quicksilver ooze hits you.
The quicksilver ooze engulfs you!
You block the quicksilver ooze's attack.
You block the rockslime's attack. The rockslime hits you!!
* * * LOW HITPOINT WARNING * * *
You are shoved backwards!
The quicksilver ooze hits you!
* * * LOW HITPOINT WARNING * * *
The quicksilver ooze hits you but does no damage.
The rockslime hits you!!
You die...

▓.....†...
▓▓▓▓▓▓▓▓▓▓▓▓▓.........
▓....8©8....▓....©....
▓..[}=:|)[..▓▓▓▓▓▓▓▓▓▓
▓...)§§§§§§.▓...8©8...
▓....§§§§§..▓...|.)|..
▓....§§§§...▓...[.)...
▓....§§§§...▓.........
▓....@§§§...▓.........
▓..▓JJJ§§▓..▓.........
▓ ▓▓...▓▓ ▓.........
▓..▓.....▓..▓.........
▓.....©.....▓....©....
▓▓▓▓▓▓▓▓▓▓▓▓▓▓▓▓▓▓▓▓▓▓
▓...8©8...▓...8©8...▓.
▓..})[|..)▓..))|)...▓.
▓..})[}...▓.==.)=|..▓.


You could see 2 rockslimes and a quicksilver ooze.

Vanquished Creatures
  An acid blob (D)
  2 quicksilver oozes (D)
  A mummy priest (D)
  A two-headed ogre (D)
  A boulder beetle (D)
  An orc high priest (D)
  An orc sorcerer (D)
  2 starcursed masses (D)
  2 orc knights (D)
  5 cane toads (D)
  An eye of devastation (D)
  2 komodo dragons (D)
  A rime drake (D)
  5 guardian mummies (D)
  2 trolls (D)
  A raiju (D)
  3 slime creatures (D)
  2 large abominations (D)
  A wyvern (D)
  A fire bat (D)
  2 golden eyes (D)
  An ushabti (D)
  A yak (D)
  A neqoxec (D)
  2 nagas (D)
  3 water moccasins (D)
  A floating eye (D)
  An orc warrior (D)
  2 ogres (D)
  2 bullfrogs (D)
  A scorpion (D)
  4 crimson imps (D)
  3 jellies (D)
  An orc wizard (D)
  3 mummies (D)
  2 river rats (D)
  3 shadow imps (D)
  2 white imps (D)
  3 endoplasms (D)
  A jackal (D)
  2 ball pythons (D)
  A ball python skeleton (D)
  A giant cockroach zombie (D)
79 creatures vanquished.

Vanquished Creatures (collateral kills)
  A jumping spider (D)
  2 scorpions (D)
  2 mummies (D)
5 creatures vanquished.

Vanquished Creatures (others)
  2 fulminant prisms (D)
2 creatures vanquished.

Grand Total: 86 creatures vanquished

Notes
Turn   | Place    | Note
-------+----------+-------------------------------------------
     0 | D        | NinjaNoafa the Draconian Conjurer began the quest for the
                  | Orb.
     0 | D        | Reached XP level 1. HP: 14/14 MP: 3/3
     1 | D        | Found a bloodstained altar of Trog.
     1 | D        | Found a shimmering blue altar of Sif Muna.
     1 | D        | Found a sacrificial altar of Ru.
     1 | D        | Found a stormy altar of Qazlal.
     6 | D        | Became a worshipper of Vehumet
     8 | D        | Found an iron altar of Okawaru.
    10 | D        | Found a sparkling altar of Nemelex Xobeh.
    10 | D        | Found the +6 Majin-Bo {spellvamp, MP+6 Int+6}
    10 | D        | Found the +27 heavy crossbow "Sniper" {heavy, Acc+∞ SInv}
    10 | D        | Found the +10 dark maul {heavy}
    10 | D        | Found the +15 Maxwell's patent armour {-Cast -Tele rElec
                  | Will+ rCorr}
    10 | D        | Found the +18 shield of the Gong {Loud rN+ Will+ rCorr
                  | EV-5}
    10 | D        | Found the +16 obsidian axe {drain, demonic, Mesm Drain Fly
                  | SInv}
    10 | D        | Found the +7 great mace "Firestarter" {flame, inner flame,
                  | rFlCloud rF++}
    10 | D        | Found the +6 shillelagh "Devastator" {shatter}
    10 | D        | Found the +11 plutonium sword {Contam Stlth-}
    10 | D        | Found the +8 lance "Wyrmbane" {slay drac, rPois rF+ rC+
                  | AC+3}
    10 | D        | Found the +9 sword of Zonguldrok {reap}
    10 | D        | Found the +13 scythe of Curses {drain, curses, Drain}
    10 | D        | Found the +9 sword of Power {lifebolt}
    10 | D        | Found the +7 mace of Variability {chaos, chain chaos}
    10 | D        | Found the +11 Singing Sword {sonic wave}
    10 | D        | Found the +8 storm bow {elec, penet}
    12 | D        | Found a corrupted altar of Lugonu.
    12 | D        | Found an ancient bone altar of Kikubaaqudgha.
    12 | D        | Found a burning altar of Makhleb.
    12 | D        | Found a transporter.
    12 | D        | Found a viscous altar of Jiyva.
    12 | D        | Found a hazy altar of Hepliaklqana.
    16 | D        | Found an opulent altar of Gozag.
    17 | D        | Found a blossoming altar of Fedhas.
    78 | D        | Entered arena 2.
    78 | D        | Noticed a crimson imp
    78 | D        | Found a transporter.
    83 | D        | Killed a crimson imp
    84 | D        | Reached XP level 2. HP: 25/25 MP: 1/6
    84 | D        | Reached XP level 3. HP: 30/30 MP: 1/7
    87 | D        | Learned a level 2 spell: Searing Ray
   141 | D        | Entered arena 3.
   141 | D        | Noticed a fire bat
   141 | D        | Found a transporter.
   143 | D        | Reached * piety under Vehumet
   143 | D        | Offered knowledge of Sandblast by Vehumet.
   144 | D        | Reached skill level 5 in Conjurations
   151 | D        | Killed a fire bat
   152 | D        | Reached skill level 5 in Fighting
   152 | D        | Reached XP level 4. HP: 17/42 MP: 6/10
   152 | D        | Reached XP level 5. HP: 20/48 MP: 6/11
   252 | D        | Entered arena 4.
   252 | D        | Noticed a jumping spider
   252 | D        | Found a transporter.
   258 | D        | Killed a jumping spider
   258 | D        | Reached ** piety under Vehumet
   259 | D        | Reached skill level 5 in Dodging
   259 | D        | Reached skill level 5 in Shields
   259 | D        | Reached skill level 5 in Spellcasting
   259 | D        | Reached skill level 5 in Translocations
   259 | D        | Reached XP level 6. HP: 28/58 MP: 10/14
   262 | D        | Your scales start taking on a golden yellow colour.
   262 | D        | Reached XP level 7. HP: 25/66 MP: 9/16
   262 | D        | Gained mutation: You are resistant to acid. (rCorr) [Yellow
                  | Draconian growth]
   268 | D        | Got the ring "Moowno" {Will+ rCorr Dex+6}
   274 | D        | Got the +7 scimitar of Linearity {freeze, MP+9 Int+2 Dex+4}
   404 | D        | Entered arena 5.
   404 | D        | Noticed a mummy priest
   404 | D        | Found a transporter.
   406 | D        | Offered knowledge of Freeze by Vehumet.
   406 | D        | Reached *** piety under Vehumet
   409 | D        | Noticed a red devil
   409 | D        | Noticed a red devil
   416 | D        | Noticed a jiangshi
   416 | D        | Noticed a wraith
   416 | D        | Noticed a freezing wraith
   416 | D        | Killed a mummy priest
   417 | D        | Reached XP level 8. HP: 49/74 MP: 19/19
   423 | D        | Learned a level 4 spell: Iskenderun's Mystic Blast
   428 | D        | Learned a level 4 spell: Fulminant Prism
   467 | D        | Got the amulet "Judua" {Drain Fly rC+++ Regen+ rCorr}
   474 | D        | Entered arena 6.
   474 | D        | Noticed a large abomination
   474 | D        | Found a transporter.
   477 | D        | Reached **** piety under Vehumet
   478 | D        | Reached skill level 1 in Hexes
   481 | D        | Killed a large abomination
   486 | D        | Got the Folio of the Familiar
   552 | D        | Entered arena 7.
   553 | D        | Found a transporter.
   557 | D        | Reached ***** piety under Vehumet
   570 | D        | Got the Tome of Underground Forms
   649 | D        | Entered arena 8.
   649 | D        | Noticed a starcursed mass
   649 | D        | Noticed a large abomination
   649 | D        | Noticed a raiju
   650 | D        | Found a transporter.
   656 | D        | Offered knowledge of Kindle Blastsparks by Vehumet.
   656 | D        | Killed a large abomination
   657 | D        | Reached XP level 9. HP: 73/81 MP: 22/22
   659 | D        | Reached skill level 10 in Shields
   659 | D        | Reached skill level 1 in Evocations
   662 | D        | Reached ****** piety under Vehumet
   667 | D        | Reached skill level 10 in Dodging
   667 | D        | Killed a starcursed mass
   668 | D        | Killed a starcursed mass
   669 | D        | Reached skill level 10 in Spellcasting
   669 | D        | Reached skill level 5 in Evocations
   722 | D        | Entered arena 9.
   722 | D        | Noticed a cane toad
   722 | D        | Noticed a komodo dragon
   723 | D        | Found a transporter.
   728 | D        | Killed a cane toad
   728 | D        | Killed a komodo dragon
   729 | D        | Reached XP level 10. HP: 88/88 MP: 24/24
   736 | D        | Got the ring "Pycuxitoov" {rN+ Int+4}
   754 | D        | Entered arena 10.
   754 | D        | Noticed an eye of devastation
   755 | D        | Found a transporter.
   758 | D        | Reached XP level 11. HP: 94/94 MP: 25/25
   784 | D        | Got the Almanac of the Nauseating Evil Eye
   842 | D        | Entered arena 11.
   843 | D        | Found a transporter.
   845 | D        | Offered knowledge of Ignite Poison by Vehumet.
   847 | D        | Reached skill level 10 in Evocations
   886 | D        | Got the ring of Finality {rN+ Str+6 Int+4}
   894 | D        | Entered arena 12.
   894 | D        | Noticed a boulder beetle
   896 | D        | Found a transporter.
   910 | D        | Reached skill level 5 in Earth Magic
   913 | D        | Killed a boulder beetle
   923 | D        | Got the ring of Dolisemu {Wiz rElec}
   938 | D        | Got the ring "Uving" {Int+6 Dex+5}
   942 | D        | Got the Lectures on Burning Composition
   974 | D        | Entered arena 13.
   974 | D        | Noticed a two-headed ogre
   974 | D        | Noticed an orc sorcerer
   975 | D        | Noticed an orc knight
   975 | D        | Noticed an orc knight
   975 | D        | Noticed an orc high priest
   977 | D        | Found a transporter.
   978 | D        | Killed an orc sorcerer
   980 | D        | Killed an orc high priest
   980 | D        | Killed a two-headed ogre
   982 | D        | Killed an orc knight
   985 | D        | Reached XP level 12. HP: 101/101 MP: 23/29
   987 | D        | Offered knowledge of Arcjolt by Vehumet.
   988 | D        | Reached skill level 10 in Earth Magic
  1021 | D        | Entered arena 14.
  1022 | D        | Noticed a rockslime
  1022 | D        | Noticed a quicksilver ooze
  1023 | D        | Noticed a quicksilver ooze
  1023 | D        | Noticed an acid blob
  1023 | D        | Noticed a quicksilver ooze
  1023 | D        | Noticed a rockslime
  1024 | D        | Found a transporter.
  1028 | D        | Killed a quicksilver ooze
  1028 | D        | Killed a quicksilver ooze
  1029 | D        | Killed an acid blob
  1035 | D        | Mangled by a rockslime

Illustrated notes

Levels and vault maps discovered:
D:        sprint_v [room_start, room_1, room_2, room_3, room_4, room_5, room_6,
          room_7, room_8, room_9, room_10, room_11, room_12, room_13, room_14,
          room_15, room_16, room_17, room_18, room_19, room_20, room_21,
          room_22, room_23, room_24, room_25, room_26, room_27]

Skill      XL: |  1  2  3  4  5  6  7  8  9 10 11 12 |
---------------+-------------------------------------+-----
Fighting       | 2 5 6 7 8 |  8.0
Dodging        | 2 4 5 7 9 10 | 10.0
Shields        | 2 4 5 6 8 9 12 14 | 14.0
Spellcasting   | 3 4 5 6 7 9 10 13 14 | 14.8
Translocations | 2 4 5 6 7 |  7.0
Conjurations   | 6 7 |  7.0
Hexes          | 4 |  4.0
Evocations     | 7 8 12 | 12.0
Earth Magic    | 9 12 | 12.3
Stealth        | |  1.7

Action                     |  1- 3 |  4- 6 |  7- 9 | 10-12 || total
---------------------------+-------+-------+-------+-------++-------
  Melee: Scimitar          |       |       |     2 |     2 ||     4
         Tailslap          |       |       |       |     1 ||     1
   Cast: Magic Dart        |     1 |       |       |       ||     1
         Searing Ray       |     3 |     3 |     3 |       ||     9
         Iskenderun's Myst |       |       |    17 |    25 ||    42
         Fulminant Prism   |       |       |     2 |       ||     2
Ability: Breathe Acid      |       |       |     3 |     1 ||     4
  Evoke: Wand              |     2 |     1 |     3 |     2 ||     8
         Box of beasts     |       |     1 |     1 |       ||     2
         Lightning rod     |       |       |     2 |     6 ||     8
         Condenser vane    |       |       |     2 |     4 ||     6
         Phantom mirror    |       |       |     1 |       ||     1
    Use: Potion            |     1 |       |       |     4 ||     5
 Armour: Skin              |     5 |     4 |     5 |     7 ||    21
  Dodge: Dodged            |     6 |     1 |     8 |    15 ||    30
  Block: Kite shield       |     2 |     8 |    19 |    19 ||    48

Table legend: (Time is in decaauts)
 A = Elapsed time spent in this place.
 B = Non-inter-level travel time spent in this place.
 C = Inter-level travel time spent in this place.
 D = Time resting spent in this place.
 E = Time spent auto-exploring this place.
 F = Levels seen in this place.
 G = Mean time per level.
                   A        B        C        D        E       F      G
               +--------+--------+--------+--------+--------+-----+--------+
         Total |   1031 |   1031 |      0 |    540 |     31 |   1 | 1031.0 |
       Dungeon |   1031 |   1031 |      0 |    540 |     31 |   1 | 1031.0 |
               +--------+--------+--------+--------+--------+-----+--------+

Top non-repeatable levels by time:
       D: 1031 daAuts
